Map: [ESL] Cosmic Sapphire

Players

soO

  • Race: Zerg Zerg
  • Spawn Location: 5:00

Creator - Winner!

  • Race: Protoss Protoss
  • Spawn Location: 11:00

Event: DreamHack SC2 Masters 2022 Atlanta (Offline)

VOD

Have the link to the VOD?

Description

Time

  • Played on: Nov. 19, 2022, 10:44 a.m.
  • Length: 14:45

All games in this series

Show
View Real Time Build Order
Export as new Build Order

soO Zerg 

Build Orders: Hatch First, Lurkers 

Get SALT Encoding   

  12  0:00  Drone  
  13  0:13  Overlord  
  13  0:16  Drone  
  14  0:31  Drone x2  
  16  0:45  Drone  
  17  0:51  Hatchery  
  17  0:54  Drone  
  17  0:57  Drone  
  18  1:09  Extractor  
  17  1:13  Spawning Pool  
  17  1:15  Drone  
  17  1:20  Drone  
  18  1:28  Drone  
  19  1:39  Drone  
  20  1:52  Overlord  
  20  2:00  Queen  
  22  2:03  Queen  
  22  2:04  Zergling x4  
  26  2:12  Drone  
  26  2:13  Metabolic Boost  
  26  2:14  Drone  
  28  2:22  Drone  
  29  2:25  Drone  
  30  2:34  Drone  
  31  2:41  Drone  
  31  2:42  Hatchery  
  31  2:47  Queen  
  33  2:51  Overlord  
  33  2:55  Spore Crawler  
  33  2:58  Drone  
  33  3:04  Drone x2  
  36  3:09  Queen  
  36  3:11  Drone x2  
  40  3:21  Drone x2, Overlord  
  40  3:22  Drone  
  43  3:29  Overlord  
  43  3:36  Overlord  
  43  3:37  Drone  
  43  3:39  Queen  
  43  3:40  Drone x2  
  48  3:42  Drone  
  48  3:45  Drone  
  48  3:47  Spore Crawler  
  49  3:51  Drone x2  
  51  3:56  Drone x3  
  51  3:59  Evolution Chamber  
  51  4:00  Drone  
  51  4:01  Drone  
  55  4:06  Zergling x4  
  57  4:10  Spore Crawler  
  57  4:13  Queen  
  57  4:18  Overlord  
  57  4:19  Drone x2  
  57  4:21  Drone x2  
  57  4:22  Drone  
  62  4:28  Zerg Melee Weapons Level 1  
  62  4:31  Overlord  
  62  4:32  Drone  
  62  4:35  Drone  
  64  4:40  Zergling x4  
  64  4:41  Drone  
  64  4:45  Drone x2  
  69  4:46  Drone  
  69  4:47  Spore Crawler  
  69  4:49  Drone x4  
  69  4:50  Drone  
  74  4:56  Drone  
  75  5:00  Baneling Nest  
  75  5:01  Overlord  
  75  5:04  Lair  
  75  5:05  Overlord  
  74  5:07  Extractor x2  
  74  5:08  Overlord x2  
  74  5:14  Overlord  
  72  5:17  Overlord  
  71  5:22  Zergling x12  
  71  5:24  Overlord  
  71  5:27  Drone x3  
  79  5:29  Drone  
  80  5:37  Queen  
  80  5:38  Drone  
  80  5:39  Drone x2  
  80  5:40  Drone  
  80  5:41  Drone  
  87  5:45  Spore Crawler  
  87  5:46  Drone  
  87  5:49  Drone x3, Hatchery  
  89  5:51  Extractor  
  89  5:52  Drone, Extractor  
  89  5:56  Drone  
  89  5:58  Drone x2  
  91  6:04  Hydralisk Den  
  91  6:10  Overlord  
  90  6:13  Drone x2  
  90  6:16  Zergling x16  
  98  6:32  Baneling x8  
  98  6:33  Zergling x10  
  98  6:34  Baneling  
  98  6:35  Grooved Spines  
  103  6:40  Hydralisk x6  
  115  6:48  Zergling x2, Hydralisk x2  
  108  7:09  Hydralisk x4  
  108  7:10  Zergling x14  
  108  7:15  Drone x4  
  125  7:16  Drone  
  125  7:18  Drone x2  
  125  7:21  Zerg Melee Weapons Level 2  
  130  7:23  Overlord  
  130  7:25  Overlord  
  130  7:26  Drone x2  
  132  7:32  Centrifugal Hooks  
  132  7:41  Hydralisk  
  132  7:42  Zergling x12  
  134  7:45  Hydralisk  
  134  7:46  Hydralisk, Queen  
  134  7:47  Muscular Augments, Queen  
  134  7:49  Drone x2  
  132  7:54  Hydralisk  
  132  7:55  Zergling x4  
  132  7:56  Zergling x6  
  135  8:02  Drone x3  
  135  8:03  Drone  
  139  8:09  Drone x2  
  139  8:11  Drone x3  
  144  8:22  Overlord x2  
  144  8:24  Overlord  
  144  8:30  Hatchery  
  142  8:35  Overlord  
  142  8:42  Hatchery  
  142  8:43  Baneling x10  
  142  8:45  Zergling x10  
  142  8:47  Zergling x2  
  142  8:48  Zergling x2  
  148  8:50  Hydralisk x2  
  148  8:54  Baneling x6  
  152  9:02  Zergling x6  
  155  9:04  Overseer  
  155  9:10  Hatchery  
  155  9:14  Zergling x10  
  159  9:19  Infestation Pit  
  144  9:24  Zergling x8  
  148  9:37  Zerg Missile Weapons Level 1  
  141  9:44  Zergling x14  
  146  9:52  Zergling x8  
  140  9:56  Hydralisk x3  
  142  10:00  Hive, Hatchery  
  142  10:02  Zergling x2, Lurker Den  
  142  10:05  Zergling x4  
  143  10:07  Baneling x8  
  143  10:08  Baneling  
  143  10:09  Zergling x8  
  147  10:17  Zergling x8, Extractor  
  147  10:19  Extractor  
  149  10:31  Overlord  
  149  10:32  Overlord  
  149  10:33  Zergling x16, Spore Crawler, Overseer  
  156  10:38  Overlord  
  156  10:46  Overlord  
  156  10:59  Hydralisk x2  
  156  11:00  Hydralisk x4  
  156  11:01  Zergling x18  
  176  11:07  Drone  
  176  11:08  Drone  
  176  11:11  Overseer  
  178  11:15  Viper x2  
  184  11:31  Lurker Den  
  182  11:33  Adrenal Glands  
  182  11:42  Overlord x2  
  182  11:52  Overlord x2  
  182  11:53  Spore Crawler  
  182  11:54  Spore Crawler, Drone x2  
  181  11:58  Drone x2, Overlord  
  182  12:04  Drone x3  
  182  12:05  Spore Crawler x2, Drone  
  182  12:07  Zerg Melee Weapons Level 3  
  184  12:11  Pneumatized Carapace  
  184  12:14  Spine Crawler  
  183  12:17  Spine Crawler x2  
  181  12:37  Drone  
  181  12:45  Spore Crawler  
  181  12:46  Spore Crawler  
  179  12:52  Seismic Spines  
  179  12:56  Drone  
  179  12:57  Drone  
  181  13:00  Spore Crawler  
  181  13:01  Lurker x2  
  181  13:02  Lurker x3  
  177  13:14  Hatchery  
  177  13:15  Baneling x23  
  177  13:20  Zergling x40  
  177  13:23  Spire  
  183  13:41  Zergling x6  
  183  13:42  Zergling x38  
  183  13:45  Zergling x16  
  183  13:47  Baneling x19  
  195  13:52  Zergling x2  
  195  13:53  Zergling x8  
  183  14:05  Hydralisk x11  
  183  14:06  Zergling x8  
Show
View Real Time Build Order
Export as new Build Order

Creator Protoss - Winner!

Build Orders: 1 Gate Expand, Oracle Opening, Carriers, Zealot Archon, Archon Drop 

Get SALT Encoding   

  12  0:00  Probe  
  13  0:13  Pylon  
  13  0:17  Probe (Chrono Boost)  
  14  0:26  Probe (Chrono Boost)  
  15  0:31  Probe (Chrono Boost)  
  16  0:39  Gateway  
  16  0:43  Probe  
  16  0:47  Assimilator  
  17  0:55  Probe  
  18  1:07  Probe  
  19  1:19  Probe  
  20  1:26  Nexus  
  20  1:34  Cybernetics Core  
  20  1:38  Probe  
  21  1:44  Assimilator  
  21  1:50  Probe  
  21  1:52  Pylon  
  22  2:02  Probe  
  22  2:08  Adept (Chrono Boost)  
  23  2:14  Probe  
  26  2:18  Stargate  
  26  2:26  Probe (Chrono Boost)  
  26  2:27  Warp Gate  
  27  2:31  Adept  
  29  2:38  Probe (Chrono Boost)  
  29  2:39  Probe (Chrono Boost)  
  31  2:48  Probe x2 (Chrono Boost)  
  33  2:53  Probe (Chrono Boost)  
  33  2:55  Probe  
  35  3:01  Adept, Oracle (Chrono Boost)  
  40  3:09  Probe x2  
  42  3:14  Pylon  
  42  3:21  Probe x2  
  44  3:33  Probe x2  
  50  3:36  Void Ray (Chrono Boost)  
  50  3:37  Assimilator  
  50  3:39  Assimilator  
  50  3:45  Probe, Pylon  
  50  3:46  Probe  
  52  3:57  Pylon  
  52  3:58  Probe x2  
  54  4:15  Nexus  
  54  4:19  Probe x2  
  60  4:24  Void Ray, Pylon  
  60  4:34  Robotics Facility  
  60  4:35  Twilight Council  
  60  4:40  Probe x2  
  62  4:49  Shield Battery  
  62  4:54  Probe x2  
  62  4:58  Gateway  
  64  5:06  Gateway  
  68  5:07  Void Ray  
  68  5:09  Charge (Chrono Boost)  
  68  5:10  Gateway  
  68  5:13  Probe x2  
  70  5:16  Warp Prism  
  70  5:25  Probe  
  70  5:27  Probe  
  73  5:28  Probe  
  74  5:37  Probe  
  74  5:39  Templar Archives, Probe  
  74  5:40  Probe  
  74  5:41  Gateway  
  77  5:47  Sentry  
  79  5:54  Gateway  
  79  5:56  Probe  
  79  5:57  Probe  
  81  6:00  Shield Battery  
  81  6:01  Probe, Gateway  
  81  6:02  Gateway  
  82  6:07  Pylon x2  
  82  6:13  Probe x2  
  82  6:14  Probe  
  82  6:18  High Templar x4  
  87  6:20  Pylon  
  87  6:22  Archon x2, Pylon  
  93  6:27  Probe x3  
  96  6:34  Assimilator  
  96  6:35  Assimilator  
  96  6:36  Forge  
  96  6:37  Pylon  
  96  6:41  Observer  
  96  6:42  Probe x3  
  100  6:58  Zealot x8  
  116  7:07  Probe x2  
  116  7:08  Probe  
  103  7:09  Protoss Ground Weapons Level 1  
  103  7:10  Robotics Bay  
  103  7:14  Void Ray  
  103  7:25  Zealot x3  
  103  7:26  Zealot x5  
  119  7:35  Stargate  
  115  7:49  Zealot x8  
  115  7:58  Disruptor (Chrono Boost)  
  110  8:08  Void Ray (Chrono Boost)  
  110  8:11  Zealot x8  
  126  8:21  Photon Cannon  
  114  8:27  Disruptor (Chrono Boost)  
  114  8:29  Shield Battery  
  114  8:31  Photon Cannon  
  114  8:32  Photon Cannon  
  115  8:36  Zealot x2, High Templar x4  
  115  8:40  Protoss Air Weapons Level 1 (Chrono Boost)  
  115  8:41  Archon  
  127  8:42  Archon  
  131  8:49  Shield Battery  
  131  8:50  Pylon  
  131  8:51  Void Ray (Chrono Boost)  
  131  8:55  Fleet Beacon  
  131  9:06  Nexus  
  131  9:10  High Templar x2  
  131  9:14  Archon  
  134  9:29  High Templar x2  
  134  9:30  Zealot  
  140  9:32  Pylon  
  140  9:33  Pylon  
  140  9:34  Archon, Pylon  
  127  9:50  Void Ray (Chrono Boost)  
  127  9:51  Void Ray (Chrono Boost)  
  127  9:52  Probe x3  
  126  9:53  Disruptor  
  126  9:55  Flux Vanes  
  123  10:00  Zealot x3, Pylon  
  123  10:05  Nexus  
  129  10:09  Pylon  
  129  10:11  Zealot  
  129  10:14  Photon Cannon  
  131  10:21  Carrier (Chrono Boost)  
  131  10:26  Carrier (Chrono Boost)  
  143  10:31  Zealot x2  
  147  10:43  Disruptor  
  147  10:46  Probe x3  
  147  10:49  Photon Cannon  
  153  10:51  Photon Cannon  
  153  10:52  Shield Battery  
  153  10:54  Zealot x3  
  153  10:55  Assimilator  
  159  10:57  Assimilator  
  159  11:03  Carrier (Chrono Boost)  
  157  11:09  Protoss Air Weapons Level 2 (Chrono Boost)  
  157  11:10  Zealot  
  165  11:13  Pylon  
  165  11:19  Carrier (Chrono Boost)  
  171  11:34  Stargate  
  167  11:46  Nexus, Photon Cannon  
  167  11:47  Immortal  
  167  11:49  Pylon  
  163  12:08  Carrier (Chrono Boost), Protoss Ground Weapons Level 2  
  169  12:10  Gateway  
  169  12:11  Gateway  
  169  12:12  High Templar  
  169  12:13  High Templar  
  173  12:16  Photon Cannon  
  173  12:19  Carrier (Chrono Boost), Probe  
  180  12:26  Blink  
  180  12:27  Observer  
  179  12:39  Zealot  
  179  12:40  Zealot x5  
  190  12:50  Carrier (Chrono Boost)  
  180  12:52  Archon  
  180  12:54  Carrier (Chrono Boost)  
  192  12:59  Pylon  
  192  13:06  Photon Cannon  
  192  13:07  Pylon  
  188  13:23  High Templar x2  
  188  13:25  Observer  
  193  13:28  Zealot  
  193  13:29  Archon  
  195  13:34  Stalker  
  195  13:39  Stalker  
  195  13:40  Stalker  
  190  13:46  Zealot x2  
  190  13:47  Zealot x2  
  173  13:49  Disruptor, Photon Cannon  
  176  13:56  Void Ray  
  167  14:10  Pylon  
  167  14:11  Pylon  
  145  14:38  Zealot x6  
Tags
 
Add a new tag
Caveats
  • Supply blocks, unpowered buildings, or Contaminate may cause inaccurate times.
  • Supply counts are checked every 10 seconds.